 Dungeon Crawl Stone Soup version 0.17-a0-1910-g4c791fa (webtiles) character file.

8508 Holeefuk the Protected (level 11, -3/72 HPs)
             Began as a Formicid Fighter on Sept 25, 2015.
             Was a Priest of Qazlal.
             Slain by a small abomination (11 damage)
             ... on level 1 of the Abyss.
             The game lasted 00:41:24 (10807 turns).

Holeefuk the Protected (Formicid Fighter)          Turns: 10807, Time: 00:41:27

Health: -3/72      AC: 15    Str: 21    XL:     11   Next: 57%
Magic:  8/8        EV:  7    Int:  6    God:    Qazlal [***...]
Gold:   636        SH: 13    Dex:  9    Spells: 1 memorised, 8 levels left

rFire  . . .     SeeInvis +     a - +0 long sword
rCold  . . .     Clarity  .     b - +0 scale mail
rNeg   . . .     SustAt   .     c - +0 shield
rPois  .         Gourm    .     (helmet unavailable)
rElec  .         Spirit   .     (no cloak)
rCorr  .         Warding  .     (no gloves)
rMut   .         Stasis   +     (no boots)
MR     ++...                    (no amulet)
Stlth  ..........               K - +3 ring of protection
                                z - +6 ring of protection

@: constricted, very resistant to hostile enchantments, extremely unstealthy
A: permanent stasis, dig shafts and tunnels, four strong arms, antennae 3,
blurry vision 3, clumsy 2, deformed body, deterioration 2, dopey 1, frail 2, low
mp 3, magic resistance 1, screaming 3, no device heal 2, subdued magic 2,
MP-powered wands
a: Dig, Shaft Self, Upheaval, Elemental Force, Renounce Religion


You were on level 1 of the Abyss.
You worshipped Qazlal.
Qazlal was most pleased with you.
You were near starving.

You visited 3 branches of the dungeon, and saw 13 of its levels.
You visited the Abyss 1 time.
You also visited: Sewer.

You collected 636 gold pieces.

Inventory:

Hand weapons
 a - a +0 long sword (weapon)
Armour
 b - a +0 scale mail (worn)
 c - a +0 shield (worn)
Jewellery
 o - an uncursed ring of protection from fire {unknown}
 z - a +6 ring of protection (left hand)
 A - a +2 ring of strength
 E - an uncursed ring of fire
 K - a +3 ring of protection (right hand)
Magical devices
 i - a wand of flame (47)
Scrolls
 k - a scroll of amnesia
 p - a scroll of identify
 t - 4 scrolls of enchant armour
 v - a scroll of magic mapping
 y - 6 scrolls of remove curse
 J - a scroll of recharging
Potions
 d - 7 potions of might
 f - 2 potions of agility
 m - 5 potions of heal wounds
 u - a potion of resistance
 F - 6 potions of curing
Comestibles
 e - 8 bread rations
 h - 8 royal jellies
 j - 2 fruits
 q - 4 meat rations
 s - 4 slices of pizza


   Skills:
 - Level 9.7 Fighting
 - Level 10.0 Long Blades
 - Level 11.1 Armour
 - Level 4.5 Dodging
 - Level 5.1 Shields
 * Level 2.2 Invocations


You had 8 spell levels left.
You knew the following spells:

 Your Spells              Type           Power        Failure   Level  Hunger
a - Ensorcelled Hibernat  Hex/Ice        #.....       99%         2    ###....


Dungeon Overview and Level Annotations

Branches:
Dungeon (11/15)            Temple (1/1) D:6            Lair (0/8) D:9
    Orc (1/4) D:10

Altars:
Ashenzari
Dithmenos
Elyvilon
Fedhas
Makhleb
Okawaru
Qazlal
Ru
Sif Muna
Trog
Vehumet
Yredelemnul
Zin

Shops:
D:7 *

Annotations:
D:7 blexxed's ghost, experienced HOFi
Orc:1 Erolcha


Innate Abilities, Weirdness & Mutations

You are under a permanent stasis effect.
You can dig through walls and to a lower floor.
Your four strong arms can wield two-handed weapons with a shield.
You have a pair of large antennae on your head (SInv).
You are resistant to hostile enchantments.
[Scrolls take you much longer to read.]
[You are very clumsy. (Dex -4)]
[Armour fits poorly on your strangely shaped body.]
[Your body often deteriorates upon taking damage.]
[You are dopey. (Int -2)]
[You are very frail (-20% HP).]
[Your magical capacity is extremely low (-30% MP).]
[You frequently scream uncontrollably at your foes.]
[Potions and wands are poor at restoring your health.]
[Your spells are easier to cast, but less powerful.]
[You expend magic power (3 MP) to strengthen your wands.]


Message History

The ufetubus closely misses you. You block the ufetubus's attack.
The ufetubus hits you but does no damage. x4
A small abomination comes into view.
The ufetubus closely misses you. You block the ufetubus's attack.
The starspawn tentacle grabs you.
* * * LOW HITPOINT WARNING * * *
The starspawn tentacle constricts you.
You slash the small abomination!
The small abomination is heavily damaged.
You block the ufetubus's attack. x2
The ufetubus hits you but does no damage.
You block the ufetubus's attack. The ufetubus hits you.
* * * LOW HITPOINT WARNING * * *
The ufetubus hits you but does no damage. x3
The wretched star pulses with an eldritch light!
You feel less energetic.
You feel stupid.
The ufetubus twists and deforms. x5
The ynoxinul twists and deforms.
The hell hound twists and deforms.
The small abomination hits you!
You die...

## # .....# #..## # ##
# .#.#...#.... .# .#.#
#.......#..###.#
.....#.
##...........#.##.#..#.
........*..§... .#.#...
#...∩.w3*...##..#. .# .
.#....555*......# .
......x@5X.*.##.# # ##
...#..#wh*......###.#
....#.5*###.......##. #
#.......##{..###..#.#
#.
..##..##..#.W..#.#..#
.# . #.##.. #.........#
#. ## .{# #........##
## { .#####..#.#. .#
#...#.... ..


You could see a tentacled starspawn, a wretched star, a ynoxinul, a hell hound,
a small abomination, 2 starspawn tentacles and 5 ufetubi.

Vanquished Creatures
  An unseen horror (D:9)
  Pikel (D:6)
  A fire drake (D:9)
  A freezing wraith (Abyss:1)
  A troll (D:10)
  Prince Ribbit (D:8)
  A wyvern (D:11)
  2 hippogriffs
  Grum (D:10)
  4 yaks
  2 wolves (D:10)
  A warg (D:10)
  An orc warrior (D:9)
  A water moccasin (D:9)
  6 ice beasts
  4 ogres
  2 wasps
  3 sky beasts
  2 phantoms
  A centaur (D:6)
  5 big kobolds
  A wyvern zombie (D:9)
  3 giant frogs (D:7)
  3 scorpions
  24 killer bees
  2 crimson imps (D:6)
  2 centaur zombies
  5 hounds
  A giant frog zombie (D:6)
  A giant frog skeleton (D:7)
  A jelly (D:9)
  3 orc priests
  A quasit (D:9)
  2 centaur skeletons
  An iguana (D:10)
  6 orc wizards
  A killer bee zombie (D:9)
  7 worker ants
  A hound skeleton (D:6)
  9 adders
  3 gnolls (D:10)
  4 shadow imps
  An ufetubus (Abyss:1)
  An ooze (D:6)
  3 adder skeletons
  A worm (D:4)
  The ghost of tablen the Insei, a weakling HuMo of Nemelex Xobeh (D:6)
  10 giant geckos
  21 orcs
  14 goblins
  9 hobgoblins
  5 jackals
  24 kobolds
  6 quokkas
  2 ball pythons
  11 bats
  14 giant cockroaches
  A giant cockroach zombie (D:6)
  8 giant newts
  A jackal skeleton (D:7)
  A jackal zombie (D:9)
  A quokka zombie (D:8)
  11 rats
  4 plants (D:10)
273 creatures vanquished.

Vanquished Creatures (others)
  A giant frog (D:6)
  A worker ant zombie (D:6)
  An orc (D:6)
  A plant (D:10)
  7 starspawn tentacle segments (Abyss:1)
11 creatures vanquished.

Grand Total: 284 creatures vanquished

Notes
Turn   | Place    | Note
--------------------------------------------------------------
     0 | D:1      | Holeefuk the Formicid Fighter began the quest for the Orb.
     0 | D:1      | Reached XP level 1. HP: 18/18 MP: 1/1
     2 | D:1      | Noticed a draconian
     4 | D:1      | Noticed a minotaur
     6 | D:1      | Noticed a merfolk
     6 | D:1      | Noticed a vampire
     8 | D:1      | Noticed a naga
     8 | D:1      | Noticed a ghoul
    10 | D:1      | Noticed a gargoyle
    10 | D:1      | Noticed a felid
    12 | D:1      | Noticed a centaur
    12 | D:1      | Noticed an octopode
    14 | D:1      | Noticed an ogre
    16 | D:1      | Noticed a demigod
    18 | D:1      | Noticed a demonspawn
    18 | D:1      | Noticed a vine stalker
    20 | D:1      | Noticed a troll
    20 | D:1      | Noticed a dwarf
    22 | D:1      | Noticed a spriggan
    22 | D:1      | Noticed a human
    24 | D:1      | Noticed a formicid
    24 | D:1      | Noticed a tengu
    26 | D:1      | Noticed an elf
    82 | D:1      | Reached skill level 1 in Dodging
   173 | D:1      | Reached XP level 2. HP: 12/24 MP: 2/2
   286 | D:1      | Reached XP level 3. HP: 24/29 MP: 3/3
   813 | D:2      | Reached XP level 4. HP: 35/35 MP: 4/4
   863 | D:2      | Found a sacrificial altar of Ru.
  1071 | D:2      | Reached XP level 5. HP: 38/41 MP: 5/5
  1724 | D:3      | Found a deep blue altar of Sif Muna.
  1883 | D:4      | Noticed a phantom
  2004 | D:4      | Reached skill level 4 in Shields
  2288 | D:4      | Reached XP level 6. HP: 45/47 MP: 6/6
  2525 | D:4      | Identified the Incunabulum of Fascination
  2587 | D:4      | You fall through a shaft!
  2587 | D:5      | Entered Level 5 of the Dungeon
  2781 | D:5      | Found a shadowy altar of Dithmenos.
  2807 | D:5      | Noticed an ice beast
  2813 | D:5      | Reached skill level 5 in Shields
  2823 | D:5      | Killed an ice beast
  2823 | D:5      | Reached skill level 5 in Long Blades
  3035 | D:5      | Noticed an ice beast
  3050 | D:5      | Killed an ice beast
  3050 | D:5      | Reached XP level 7. HP: 22/52 MP: 7/7
  3616 | D:4      | Killed a phantom
  3616 | D:4      | Reached skill level 6 in Long Blades
  3733 | D:6      | Found a glowing drain.
  3787 | Sewer    | Entered a sewer
  4120 | Sewer    | Reached XP level 8. HP: 44/61 MP: 8/8
  4133 | Sewer    | Reached skill level 5 in Fighting
  4236 | D:6      | Found a staircase to the Ecumenical Temple.
  4251 | Temple   | Entered the Ecumenical Temple
  4259 | Temple   | Became a worshipper of Qazlal Stormbringer
  4432 | D:6      | Noticed tablen's ghost (weakling HuMo)
  4443 | D:6      | Killed tablen's ghost
  4486 | D:6      | Noticed Pikel
  4496 | D:6      | Killed Pikel
  4496 | D:6      | Reached skill level 7 in Armour
  4577 | D:6      | Found a bloodstained altar of Trog.
  4600 | D:6      | Reached XP level 9. HP: 68/68 MP: 9/9
  4852 | D:7      | Noticed blexxed's ghost (experienced HOFi)
  5035 | D:6      | Noticed a kobold demonologist
  5067 | D:7      | Noticed a hill giant
  5226 | D:6      | Noticed an efreet
  5258 | D:7      | Found Zin's Purification Station.
  5262 | D:7      | Found a glowing silver altar of Zin.
  5389 | D:7      | Acquired Qazlal's first power
  5740 | D:6      | Noticed a hellwing
  5741 | D:6      | Noticed a sixfirhy
  5745 | D:6      | Noticed a sun demon
  5749 | D:6      | You fall through a shaft!
  6045 | D:7      | Found a white marble altar of Elyvilon.
  6138 | D:8      | Noticed Prince Ribbit
  6189 | D:8      | Killed Prince Ribbit
  6196 | D:8      | Reached skill level 8 in Long Blades
  6289 | D:8      | Reached XP level 10. HP: 80/80 MP: 10/10
  6974 | D:9      | Reached skill level 9 in Long Blades
  7038 | D:9      | Acquired Qazlal's second power
  7062 | D:9      | Learned a level 2 spell: Ensorcelled Hibernation
  7367 | D:9      | Noticed an unseen horror
  7367 | D:9      | Reached skill level 10 in Long Blades
  7390 | D:9      | Killed an unseen horror
  7951 | D:9      | HP: 4/83 [fire drake/blast of flame (15)]
  8240 | D:9      | Reached XP level 11. HP: 53/89 MP: 11/11
  8343 | D:9      | Found a staircase to the Lair.
  8441 | D:9      | Noticed a white ugly thing
  8731 | D:9      | Found an iron altar of Okawaru.
  8826 | D:8      | You fall through a shaft for 2 floors!
  8826 | D:10     | Entered Level 10 of the Dungeon
  8992 | D:10     | Noticed Grum
  9013 | D:10     | Reached skill level 10 in Armour
  9037 | D:10     | Killed Grum
  9072 | D:10     | Found a flagged portal.
  9160 | D:10     | Acquired Qazlal's third power
  9553 | D:10     | Found a staircase to the Orcish Mines.
  9848 | D:10     | Gained mutation: You are resistant to hostile enchantments. [mutagenic meat]
  9879 | D:10     | Reached skill level 11 in Armour
 10376 | Orc:1    | Entered Level 1 of the Orcish Mines
 10587 | Orc:1    | Reached skill level 1 in Invocations
 10645 | Orc:1    | Noticed Erolcha
 10649 | Orc:1    | Cast into the Abyss (Erolcha)
 10676 | Abyss:1  | Found a deep blue altar of Sif Muna.
 10792 | Abyss:1  | Noticed a wretched star
 10802 | Abyss:1  | Noticed a tentacled starspawn
 10807 | Abyss:1  | Slain by a small abomination

Vault maps used:
D:1:      kb_arrival_jail
D:2:      nicolae_ru_great_annihilating_truth, first_bread
D:3:      lemuel_coloured_pillars_altar
D:5:      nicolae_dithmenos_shadow_blocks, minivault_24
D:6:      minmay_klotski, bloody_trog, minmay_temple_entry_butterflies,
          gup_sewer_entry_pipe, uniq_pikel
D:7:      nicolae_overflow_hidden_temple, zin_purify, minivault_22
D:8:      uniq_prince_ribbit1
D:9:      kennysheep_mini, minmay_lair_entry_lava, david_nohive_1
D:10:     orc_0_dummy, enter_bailey_3, kennysheep_boxes, uniq_grum
D:11:     grunt_ministairs_2, uniq_maud, uniq_snorg
Temple:   temple_eino_lava_12
Orc:1:    basic_altar, uniq_erolcha
Sewer:    kennysheep_pipe_town

Action                   |  1- 3 |  4- 6 |  7- 9 | 10-12 || total
-------------------------+-------+-------+-------+-------++-------
Melee: Long sword        |    93 |   200 |   480 |   745 ||  1518
 Abil: Dig               |     2 |       |    13 |     9 ||    24
       Shaft Self        |       |       |     1 |     1 ||     2
  Use: Scroll            |       |       |       |    15 ||    15
       Potion            |       |       |       |    11 ||    11
 Stab: Invisible         |       |     1 |       |       ||     1
       Paralysed         |       |     1 |       |       ||     1
  Eat: Chunk             |       |     7 |    12 |    14 ||    33
       Fruit             |       |       |     1 |     1 ||     2
       Royal jelly       |       |       |       |     1 ||     1
